 Dungeon Crawl Stone Soup version 0.29-a0-221-gceb61267dd (webtiles) character file.

Game seed: 12817046225977177144

3993 ReploidZero the Covert (level 10, -6/79 HPs)
             Began as a Vine Stalker Fighter on Feb 26, 2022.
             Was an Initiate of Ru.
             Mangled by an orc warrior
             ... wielding a +0 spear
              (16 damage)
             ... in a bailey.
             The game lasted 00:15:17 (7702 turns).

ReploidZero the Covert (Vine Stalker Fighter)       Turns: 7702, Time: 00:15:18

Health: -6/79      AC: 25    Str: 23    XL:     10   Next: 23%
Magic:  0/11       EV:  2    Int:  8    God:    Ru [......]
Gold:   607        SH:  5    Dex: 14    Spells: 9/9 levels left

rFire   . . .      SeeInvis .   d - +2 dire flail (venom)
rCold   + . .      Faith    .   (shield currently unavailable)
rNeg    + . .      Spirit   +   (body armour currently unavailable)
rPois   +          Reflect  +   (helmet currently unavailable)
rElec   .          Harm     .   (cloak currently unavailable)
rCorr   .          Rampage  .   (gloves currently unavailable)
Will    +....      NoTele   +   (boots currently unavailable)
Stlth   ++++......              v - amulet of reflection
HPRegen 1.03/turn               k - ring of protection from cold
MPRegen 0.12/turn               l - ring of positive energy

@: tree-form, on berserk cooldown, slowed, studying Fighting, very slow
A: stationary, stasis, torment immunity, boosted hp, (fangs 3), regeneration 1,
magic shield, (antimagic bite), no potion heal 2
a: Renounce Religion, Sacrifice Skill, Sacrifice an Eye, Sacrifice Stealth,
Reject Sacrifices


You were in a bailey.
You worshipped Ru.
Ru was noncommittal.
You were a tree.
You visited 2 branches of the dungeon, and saw 9 of its levels.
You also visited: Bailey.

You collected 607 gold pieces.

Inventory:

Hand Weapons
 a - a +0 flail
 d - a +2 dire flail of venom (weapon)
 h - a +0 arbalest
Missiles
 i - 3 throwing nets (quivered)
Armour
 b - a +0 scale mail
 c - a +0 buckler
 q - +0 shadow dragon scales (melded)
 y - a +1 hat (melded)
Jewellery
 k - a ring of protection from cold (left branch)
 l - a ring of positive energy (right branch)
 s - a ring of protection from fire
 v - an amulet of reflection (around neck)
 E - a ring of see invisible
Wands
 g - a wand of charming (8)
 u - a wand of polymorph (8)
 A - a wand of acid (10)
Scrolls
 j - a scroll of fear
 n - 8 scrolls of teleportation
 t - a scroll of identify
 w - 2 scrolls of amnesia
 B - a scroll of enchant weapon {unknown}
 D - a scroll of torment
Potions
 e - 2 potions of attraction
 f - 4 potions of curing
 p - a potion of invisibility
 r - a potion of cancellation
 x - a potion of mutation {unknown}
 z - a potion of heal wounds {unknown}


   Skills:
 + Level 6.9 Fighting
 + Level 6.3 Maces & Flails
 + Level 6.1 Armour
 + Level 1.0 Dodging
 + Level 9.5 Stealth
 - Level 4.7 Shields


You had 9 spell levels left.
You didn't know any spells.
Your spell library contained the following spells:

 Spells                   Type           Power      Damage    Failure   Level
 Animate Skeleton         Necr           0%         N/A       41%         1
 Apportation              Tloc           0%         N/A       41%         1
 Foxfire                  Conj/Fire      0%         2x1d4     41%         1
 Summon Small Mammal      Summ           0%         N/A       41%         1
 Sublimation of Blood     Necr           0%         N/A       54%         2
 Conjure Flame            Conj/Fire      0%         6-21      78%         3
 Inner Flame              Hex/Fire       0%         N/A       78%         3
 Tukima's Dance           Hex            0%         N/A       78%         3
 Anguish                  Hex/Necr       0%         N/A       99%         4
 Flame Wave               Conj/Fire      0%         2d4       99%         4
 Petrify                  Tmut/Erth      0%         N/A       99%         4
 Irradiate                Conj/Tmut      0%         3d13      100%        5
 Enfeeble                 Hex            0%         N/A       100%        7


Dungeon Overview and Level Annotations

Branches:
Dungeon (8/15)             Temple (1/1) D:6          Bailey (1/1)
   Lair: D:8-11

Altars:
Ashenzari
Cheibriados
Dithmenos
Elyvilon
Fedhas
Gozag
Hepliaklqana
Kikubaaqudgha
Makhleb
Nemelex Xobeh
Okawaru
Qazlal
Ru
Sif Muna
Trog
Uskayaw
Vehumet
Wu Jian
Xom
Yredelemnul
Zin
The Shining One

Shops:
D:1 *:   D:8 !


Innate Abilities, Weirdness & Mutations

You are a tree.
Your roots penetrate the ground, keeping you stationary.
You cannot be teleported.
You are immune to unholy pain and torment.
Your maximum health is greatly increased.
Your equipment is partially melded.
((You have razor-sharp teeth.))
Your natural rate of healing is unusually fast.
When hurt, damage is shared between your health and your magic reserves.
((Your bite disrupts and absorbs the magic of your enemies.))
Potions cannot restore your health.


Message History

The orc warrior hits you but does no damage.
The orc warrior hits you from afar with a +0 glaive!
You are too berserk!
Unknown command.
You are too berserk!
You cannot move.
You cannot move.
You are no longer berserk.
You are exhausted.
You feel yourself slow down.
Aiming: Corrosive Bolt
Press: ? - help, Shift-Dir - straight line, f - orc warrior
Aim: an orc warrior, wielding a +0 glaive and wearing a +0 chain mail (strong, 68% to hit)
The bolt of acid hits the orc warrior!
The acid corrodes the orc warrior!
The orc warrior is heavily wounded.
The orc warrior hits you but does no damage.
You block the orc warrior's attack.
The orc warrior hits you but does no damage. x2
Unknown command.
Aiming: Corrosive Bolt
Press: ? - help, Shift-Dir - straight line, f/p - orc warrior
Aim: an orc warrior, wielding a +0 glaive and wearing a +0 chain mail (heavily wounded, strong, covered in acid, 68% to hit)
The bolt of acid hits the orc warrior!
The orc warrior seems to be corroded for longer.
The orc warrior is almost dead.
The orc warrior hits you from afar with a +0 glaive!
* * * LOW HITPOINT WARNING * * *
The orc warrior hits you from afar with a +0 spear!
* * * LOW HITPOINT WARNING * * *
Unknown command.
Aiming: Corrosive Bolt
Press: ? - help, Shift-Dir - straight line, f/p - orc warrior
Aim: an orc warrior, wielding a +0 glaive and wearing a +0 chain mail (almost dead, strong, covered in acid, 68% to hit)
The bolt of acid hits the orc warrior!!
The orc warrior seems to be corroded for longer.
You kill the orc warrior!
The orc warrior hits you from afar with a +0 spear.
* * * LOW HITPOINT WARNING * * *
The orc warrior hits you from afar with a +0 spear!
You die...

..≈≈≈)≈≈≈≈≈≈#########≈≈≈≈≈≈≈≈≈≈..
..)≈))≈≈≈≈≈##≈≈≈≈≈≈≈##≈≈≈≈≈≈≈≈≈..
..≈≈≈≈≈≈≈≈##≈≈#'#'#≈≈##≈≈≈≈≈≈≈≈..
..≈≈≈≈≈≈≈≈#≈≈##)#)##≈≈#≈≈≈≈≈≈≈≈..
..≈≈≈≈≈≈≈##≈#########≈##≈≈≈≈≈≈≈..
..≈≈≈≈≈≈≈##≈')#).?#)'≈##≈≈≈≈≈≈≈..
..≈≈≈≈≈≈≈##≈###o8o###≈##≈≈≈≈≈≈≈..
..≈≈≈≈≈≈≈##≈'.#.).#.'≈##≈≈≈≈≈≈≈..
..≈≈≈≈≈≈≈##≈####♣####≈##≈≈≈)≈≈≈..
..≈≈≈≈≈≈≈##≈≈##∩.∩##≈≈#≈≈≈)≈≈≈≈..
..≈≈≈≈≈≈≈≈≈≈≈##'''#≈≈##≈≈≈≈≈≈≈≈..
..≈≈≈≈≈≈≈≈≈≈≈##≈≈≈≈≈##≈≈≈≈)≈≈≈≈..
..≈≈≈≈≈≈≈≈≈≈≈##≈≈≈≈##≈≈≈≈≈≈≈≈≈≈..
..≈≈#.##≈≈≈≈≈#######≈≈≈≈≈##.#≈≈..
..≈##.∩#≈≈≈≈≈≈≈≈≈≈≈≈≈≈≈≈≈#∩.##≈..
..≈#.)).≈≈≈≈≈≈≈≈≈≈≈≈≈≈≈≈≈....#≈..
..≈##.##≈≈≈≈≈≈≈≈≈≈≈≈≈≈≈≈≈##.##≈..


You could see 2 orc warriors.

Vanquished Creatures
  An orc knight (Bailey)
  A hornet (D:8)
  Menkaure (D:4)
  Edmund (D:5)
  A swamp drake (Bailey)
  11 orc warriors (Bailey)
  A necrophage (D:5)
  A sky beast (D:7)
  A black bear (D:4)
  An ogre (D:5)
  2 centaurs (D:7)
  A phantom (D:4)
  2 gnoll sergeants
  2 bullfrogs
  A scorpion (D:7)
  3 killer bees (D:8)
  7 wights (D:8)
  3 howler monkeys
  2 jellies
  3 orc priests
  2 iguanas (D:5)
  Jessica (D:2)
  4 orc wizards
  Robin (D:4)
  An adder (D:4)
  11 gnolls
  A shadow imp (D:5)
  3 white imps (D:5)
  An ufetubus (D:4)
  2 worms
  9 dart slugs
  35 orcs
  5 ball pythons
  9 endoplasms
  A giant cockroach (D:1)
  15 goblins
  9 hobgoblins
  2 quokkas
  6 bats
  5 frilled lizards
  7 kobolds
  5 rats
181 creatures vanquished.

Notes
Turn   | Place    | Note
-------+----------+-------------------------------------------
     0 | D:1      | ReploidZero the Vine Stalker Fighter began the quest for
                  | the Orb.
     0 | D:1      | Reached XP level 1. HP: 11/11 MP: 2/2
   323 | D:1      | Reached XP level 2. HP: 12/16 MP: 3/3
   709 | D:1      | Reached XP level 3. HP: 13/20 MP: 1/4
   844 | D:1      | Found Coeluak's General Store.
   905 | D:1      | Found a faded altar of an unknown god.
   953 | D:1      | Found Beeq's Book Boutique.
  1196 | D:2      | Noticed Jessica
  1200 | D:2      | Killed Jessica
  1201 | D:2      | Gained mutation: Your natural rate of healing is unusually
                  | fast. [Vine Stalker growth]
  1201 | D:2      | Reached XP level 4. HP: 19/24 MP: 3/5
  1761 | D:3      | HP: 1/24 [acid (11)]
  1786 | D:3      | Reached XP level 5. HP: 26/28 MP: 3/6
  1853 | D:3      | Found a snail-covered altar of Cheibriados.
  2542 | D:4      | Noticed Menkaure
  2546 | D:4      | Killed Menkaure
  2547 | D:4      | Reached XP level 6. HP: 33/33 MP: 7/7
  2677 | D:4      | Noticed Robin
  2702 | D:4      | Killed Robin
  2914 | D:4      | Reached XP level 7. HP: 37/37 MP: 8/8
  3207 | D:4      | Found an ancient bone altar of Kikubaaqudgha.
  3207 | D:4      | Found a shimmering blue altar of Sif Muna.
  3215 | D:4      | Found a hide-covered altar of Uskayaw.
  3217 | D:4      | Found an iron altar of Okawaru.
  3219 | D:4      | Found an opulent altar of Gozag.
  3286 | D:5      | Entered Level 5 of the Dungeon
  3498 | D:5      | Noticed Edmund
  3506 | D:5      | Killed Edmund
  3570 | D:5      | Gained mutation: You have razor-sharp teeth. [Vine Stalker
                  | growth]
  3570 | D:5      | Reached XP level 8. HP: 42/42 MP: 9/9
  3714 | D:5      | Reached skill level 5 in Fighting
  4536 | D:6      | Found a staircase to the Ecumenical Temple.
  5812 | Temple   | Entered the Ecumenical Temple
  5896 | Temple   | Became a worshipper of Ru the Awakened
  6012 | D:7      | Reached skill level 5 in Maces & Flails
  6012 | D:7      | Reached skill level 5 in Armour
  6148 | D:7      | Found a glowing silver altar of Zin.
  6154 | D:7      | Found a stormy altar of Qazlal.
  6422 | D:7      | Reached XP level 9. HP: 35/48 MP: 6/10
  6795 | D:8      | Reached skill level 1 in Stealth
  6824 | D:8      | Found a flagged portal.
  6855 | D:8      | Found Ikhlal Zeoh's Distillery.
  6887 | D:8      | Reached skill level 2 in Stealth
  6928 | D:8      | Noticed a hornet
  6934 | D:8      | Paralysed by a hornet for 1 turns
  6936 | D:8      | Killed a hornet
  6937 | D:8      | Reached skill level 4 in Stealth
  7202 | Bailey   | Entered a bailey
  7233 | Bailey   | Reached skill level 5 in Stealth
  7384 | Bailey   | Reached skill level 6 in Stealth
  7503 | Bailey   | Reached skill level 7 in Stealth
  7578 | Bailey   | Reached skill level 8 in Stealth
  7582 | Bailey   | Reached XP level 10. HP: 51/53 MP: 11/11
  7652 | Bailey   | Reached skill level 9 in Stealth
  7682 | Bailey   | Noticed an orc knight
  7696 | Bailey   | Killed an orc knight
  7697 | Bailey   | Reached skill level 1 in Dodging
  7702 | Bailey   | Mangled by an orc warrior

Illustrated notes

Levels and vault maps discovered:
D:1:      psy_arrival_heroes, layout_basic, basic_ecumenical_altar,
          serial_shops, nicolae_shop_crystal, shop, minmay_tromino_v4_a
D:2:      layout_rooms, uniq_jessica
D:3:      layout_basic, old_standard_altar
D:4:      cheibrodos_barr_body, layout_loops_ring,
          chequers_temple_overflow_minitemple, uniq_menkaure, uniq_robin
D:5:      layout_layer_cave, uniq_edmund
D:6:      layout_layer_cave, minmay_temple_entry_junction, minmay_misc_feat_iff
D:7:      nicolae_cairo_tiling, layout_gridville, jmf_multi_god_temple
D:8:      layout_rooms, enter_bailey_8, serial_shops, nicolae_shop_stone
Temple:   nicolae_temple_great_sept
Bailey:   bailey_polearm_2, bailey

Skill      XL: |  1  2  3  4  5  6  7  8  9 10 |
---------------+-------------------------------+-----
Maces & Flails | 2 3 4 5 6 |  6.3
Fighting       | 3 4 6 |  6.9
Shields        | 3 4 |  4.7
Armour         | 3 4 5 6 |  6.1
Stealth        | 8 9 |  9.5
Dodging        | 1 |  1.0

Action                   |  1- 3 |  4- 6 |  7- 9 | 10-12 || total
-------------------------+-------+-------+-------+-------++-------
Melee: Flail             |    60 |   121 |    53 |       ||   234
       Bite              |    15 |    36 |    62 |       ||   113
       Dire flail        |       |       |   208 |    18 ||   226
Evoke: Wand              |       |       |     5 |     3 ||     8
  Use: Scroll            |       |     8 |    13 |       ||    21
       Potion            |       |     1 |     5 |     2 ||     8
 Stab: Sleeping          |       |     8 |     7 |     4 ||    19
Armor: Scale mail        |    16 |    10 |       |       ||    26
       Shadow dragon sca |       |    65 |   128 |       ||   193
       Skin              |       |       |       |    12 ||    12
Dodge: Dodged            |    27 |    41 |   114 |     3 ||   185
Block: Buckler           |     5 |    40 |    25 |       ||    70
       Other             |       |       |    68 |     6 ||    74
       Reflection        |       |       |    16 |       ||    16

Table legend: (Time is in decaauts)
 A = Elapsed time spent in this place.
 B = Non-inter-level travel time spent in this place.
 C = Inter-level travel time spent in this place.
 D = Time resting spent in this place.
 E = Time spent auto-exploring this place.
 F = Levels seen in this place.
 G = Mean time per level.
                   A        B        C        D        E       F      G
               +--------+--------+--------+--------+--------+-----+--------+
         Total |   7818 |   7552 |    266 |      0 |   6159 |  10 |  781.8 |
       Dungeon |   7183 |   6927 |    256 |      0 |   5806 |   8 |  897.9 |
        Temple |     95 |     85 |     10 |      0 |     63 |   1 |   95.0 |
        Bailey |    538 |    538 |      0 |      0 |    290 |   1 |  538.0 |
               +--------+--------+--------+--------+--------+-----+--------+

Top non-repeatable levels by time:
     D:6: 1433 daAuts
     D:5: 1200 daAuts
     D:1: 1144 daAuts
     D:3: 877 daAuts
     D:4: 838 daAuts
     D:7: 623 daAuts
     D:8: 581 daAuts
  Bailey: 538 daAuts
     D:2: 486 daAuts
  Temple: 95 daAuts
